 Dungeon Crawl Stone Soup version 0.23.2 (webtiles) character file.

Game seed: 9210030873989766801

37 Blynxz the Skirmisher (level 3, -4/24 HPs)
             Began as a Gargoyle Monk on Apr 12, 2019.
             Was a Believer of the Shining One.
             Killed by divine providence
             ... invoked by an orc priest
              (10 damage)
             ... on level 3 of the Dungeon.
             The game lasted 00:06:01 (1408 turns).

Blynxz the Skirmisher (Gargoyle Monk)               Turns: 1408, Time: 00:06:04

Health: -4/24      AC:  6    Str: 15    XL:     3   Next: 39%
Magic:  3/3        EV: 13    Int: 10    God:    the Shining One [**....]
Gold:   38         SH:  0    Dex: 12    Spells: 2/2 levels left

rFire    + . .     SeeInvis .   k - +0 long sword
rCold    . . .     Gourm    .   (no shield)
rNeg     + + .     Faith    .   b - +0 robe
rPois    ∞         Spirit   .   (no helmet)
rElec    +         Reflect  .   (no cloak)
rCorr    .         Harm     .   j - +0 pair of gloves
MR       .....                  (no boots)
Stlth    +.........             (no amulet)
HPRegen  0.08/turn              m - ring of protection from fire
MPRegen  0.08/turn              (no ring)

@: glowing
A: negative energy resistance 1, electricity resistance, unbreathing,
petrification resistance, rot immunity, AC +3
a: Divine Shield, Renounce Religion


You were on level 3 of the Dungeon.
You worshipped the Shining One.
The Shining One was pleased with you.
You were near starving.

You visited 1 branch of the dungeon, and saw 3 of its levels.

You collected 38 gold pieces.

Inventory:

Hand Weapons
 a - a +0 mace
 k - a +0 long sword (weapon)
Missiles
 l - 19 stones (quivered)
Armour
 b - a +0 robe (worn)
 j - a +0 pair of gloves (worn)
 q - a +0 cloak
Jewellery
 m - a ring of protection from fire (left hand)
Scrolls
 e - a scroll of enchant weapon {unknown}
 f - a scroll of teleportation {unknown}
 h - a scroll of identify {unknown}
 i - a scroll of enchant armour {unknown}
 n - a scroll of remove curse {unknown}
Potions
 d - a potion of heal wounds {unknown}
 g - a potion of mutation {unknown}
 p - a potion of ambrosia {unknown}
Comestibles
 c - 4 rations
 o - 5 chunks of flesh


   Skills:
 + Level 3.7 Fighting
 + Level 0.4 Long Blades
 + Level 3.2 Maces & Flails
 + Level 2.9 Dodging
 + Level 2.5 Stealth


You had 2 spell levels left.
You didn't know any spells.
Your spell library was empty.

Dungeon Overview and Level Annotations

Branches:
Dungeon (3/15)

Altars:
The Shining One


Innate Abilities, Weirdness & Mutations

You are resistant to torment.
Your stone body is resilient. (AC +3)
You are immune to poison.
You resist negative energy. (rN+)
You are resistant to electric shocks. (rElec)
You can survive without breathing.
You are immune to petrification.
You are immune to rotting.


Message History

You hit the orc.
The orc is moderately wounded.
The orc misses you.
The orc priest calls upon Beogh to heal the orc.
The orc's wounds heal themselves!
You barely miss the orc. The orc hits you but does no damage.
The orc priest looks braver for a moment.
The orc completely misses you.
You hit the orc.
The orc is almost dead.
The orc priest hits you with a +0 war axe!
The orc misses you.
You riposte.
You barely miss the orc.
The orc is almost dead.
You hit the orc.
You kill the orc!
The orc priest hits you with a +0 war axe!
* * * LOW HITPOINT WARNING * * *
The orc priest calls down the wrath of Beogh upon you.
Beogh smites you!
You die...

#........# #..#
#........###..#+#.
######'#.##.......
#.#.##.)....###
#...##........#
##..##........#
#..# #.......#
#..# #...)o..#
##.###..#@####
#..##.......#
#..##.......#
#...........#
#####.........#
#.............#
#..........####
#..........#
##......####


You could see an orc priest.

Vanquished Creatures
  An adder (D:2)
  3 leopard geckos
  3 orcs (D:3)
  A bat (D:1)
  A giant cockroach (D:3)
  2 goblins
  A hobgoblin (D:2)
  4 jackals (D:2)
  A kobold (D:1)
  2 rats
  A bush (D:2)
20 creatures vanquished.

Notes
Turn   | Place    | Note
-------+----------+-------------------------------------------
     0 | D:1      | Blynxz the Gargoyle Monk began the quest for the Orb.
     0 | D:1      | Reached XP level 1. HP: 14/14 MP: 1/1
   293 | D:2      | Found a faded altar of an unknown god.
   448 | D:2      | Became a worshipper of the Shining One
   448 | D:2      | Reached * piety under the Shining One
   448 | D:2      | Reached ** piety under the Shining One
   594 | D:2      | Reached XP level 2. HP: 4/19 MP: 2/2
  1310 | D:3      | Reached XP level 3. HP: 20/23 MP: 3/3
  1408 | D:3      | Killed from afar by an orc priest

Action                   || total
-------------------------++-------
Melee: Mace              ||    15
       Long sword        ||   103
Armor: Robe              ||    19
Dodge: Dodged            ||    52
       Rpst.: Long sword ||    14
